 Dungeon Crawl Stone Soup version 0.22.1-1-ga44c0e5 (webtiles) character file.

94677 Irenicus the Severer (level 15, -4/141 HPs)
             Began as a Deep Dwarf Monk on Oct 5, 2018.
             Was the Champion of Makhleb.
             Shot with an arrow by a deep elf knight (9 damage)
             ... on level 2 of the Elven Halls.
             The game lasted 01:14:54 (10051 turns).

Irenicus the Severer (Deep Dwarf Monk)             Turns: 10051, Time: 01:14:55

Health: -4/141     AC: 18    Str: 25    XL:     15   Next: 64%
Magic:  18/18      EV: 23    Int: 11    God:    Makhleb [******]
Gold:   906        SH:  0    Dex: 18    Spells: 10/14 levels left

rFire    . . .     SeeInvis +   u - +4 battleaxe of the Girdle {speed, rC- Str+7}
rCold    . . .     Gourm    .   (shield currently unavailable)
rNeg     + . .     Faith    .   C - +5 ring mail of Veptiech {rElec Str+2}
rPois    +         Spirit   .   L - +0 helmet
rElec    +         Reflect  .   f - +1 cloak
rCorr    .         Harm     .   G - +0 pair of gloves
MR       +++..                  j - +1 pair of boots
Stlth    +++.......             x - amulet of rage {+Rage, !d}
HPRegen  0.00/turn              h - ring of Beauty {rPois MR+ Dex-2 SInv Stlth+}
MPRegen  0.16/turn              S - ring of protection from cold {rC+, !d}

@: non-regenerating
A: damage resistance, heal wounds, negative energy resistance 1, sense
surroundings 2, no regeneration
a: Heal Wounds, Minor Destruction, Lesser Servant of Makhleb, Major Destruction,
Greater Servant of Makhleb, Renounce Religion, Evoke Berserk Rage


You were on level 2 of the Elven Halls.
You worshipped Makhleb.
Makhleb was exalted by your worship.
You were hungry.

You visited 4 branches of the dungeon, and saw 18 of its levels.
You also visited: Sewer.

You collected 1622 gold pieces.
You spent 716 gold pieces at shops.

Inventory:

Hand Weapons
 a - a +0 hand axe
 u - the +4 battleaxe of the Girdle (weapon) {speed, rC- Str+7}
   (You found it on level 4 of the Dungeon)

   Attacks with this weapon are significantly faster.
   It affects your strength (+7).
   It makes you vulnerable to cold.
 R - a +4 hand axe
   (You took it off a wight on level 12 of the Dungeon)
 W - a +1 vampiric war axe {!w}
   (You took it off an orc knight on level 1 of the Orcish Mines)
Missiles
 F - 4 throwing nets (quivered) {=f, !d}
Armour
 f - a +1 cloak (worn)
   (You found it on level 1 of the Dungeon)
 j - a +1 pair of boots (worn)
   (You found it on level 1 of the Dungeon)
 C - the +5 ring mail of Veptiech (worn) {rElec Str+2}
   (You bought it in a shop on level 2 of the Orcish Mines)

   It affects your strength (+2).
   It insulates you from electricity.
 G - a +0 pair of gloves (worn)
   (You found it on level 7 of the Dungeon)
 L - a +0 helmet (worn)
   (You found it on level 10 of the Dungeon)
 N - the cursed +0 robe of Coronation {Int+7 Dex+2}
   (You found it on level 11 of the Dungeon)

   It affects your intelligence (+7).
   It affects your dexterity (+2).
   It has a curse placed upon it.
Jewellery
 h - the ring of Beauty (left hand) {rPois MR+ Dex-2 SInv Stlth+}
   (You found it on level 1 of the Elven Halls)

   [ring of stealth]

   It affects your dexterity (-2).
   It protects you from poison.
   It affects your resistance to hostile enchantments.
   It lets you see invisible.
   It makes you more stealthy.
 p - an uncursed ring of wizardry {Wiz+, !d}
   (You found it on level 2 of the Dungeon)
 v - a +3 ring of protection
   (You found it on level 4 of the Dungeon)
 x - an amulet of rage (around neck) {+Rage, !d}
   (You found it on level 5 of the Dungeon)
 A - a +3 ring of protection
   (You found it on level 6 of the Dungeon)
 D - an uncursed ring of see invisible {sInv, !d}
   (You found it on level 7 of the Dungeon)
 I - the ring "Fiosk" {rN+ MR+ MP+9 Str-2 Slay+2}
   (You found it on level 9 of the Dungeon)

   [ring of protection from magic]

   It affects your strength (-2).
   It affects your accuracy and damage with ranged weapons and melee attacks
   (+2).
   It protects you from negative energy.
   It affects your resistance to hostile enchantments.
   It affects your magic capacity (+9).
 S - a ring of protection from cold (right hand) {rC+, !d}
   (You found it on level 12 of the Dungeon)
Wands
 g - a wand of paralysis (15)
   (You took it off Joseph on level 7 of the Dungeon)
 k - a wand of random effects (40)
   (You found it on level 13 of the Dungeon)
 s - a wand of scattershot (1)
   (You found it on level 3 of the Dungeon)
 w - a wand of clouds (3)
   (You found it on level 4 of the Dungeon)
 y - a wand of digging (15)
   (You found it on level 5 of the Dungeon)
 K - a wand of iceblast (13)
   (You found it on level 10 of the Dungeon)
Scrolls
 b - 4 scrolls of torment {unknown}
 e - 3 scrolls of immolation {!r}
 i - 7 scrolls of teleportation
 m - 7 scrolls of remove curse
 n - 3 scrolls of blinking {!r}
 B - 7 scrolls of identify
 E - 2 scrolls of amnesia {unknown}
 J - 4 scrolls of random uselessness {unknown}
 M - 2 scrolls of magic mapping {!r}
 Q - 3 scrolls of fear {unknown}
 T - a scroll of summoning {unknown}
 V - 4 scrolls of enchant armour
 X - a scroll of noise {unknown}
Potions
 d - 9 potions of lignification {!q}
 l - a potion of mutation {!q}
 o - 2 potions of heal wounds
 q - 4 potions of flight
 r - 7 potions of curing
 t - 2 potions of resistance
 z - a potion of agility
 H - a potion of ambrosia
 O - a potion of cancellation
 P - a potion of haste
Miscellaneous
 U - a fan of gales
   (You found it on level 12 of the Dungeon)
Comestibles
 c - 32 rations


   Skills:
 - Level 11.0 Fighting
 - Level 20.1 Axes
 + Level 5.5 Armour
 - Level 15.6 Dodging
 - Level 2.4 Stealth
 + Level 3.5 Charms
 - Level 6.6 Evocations


You had 10 spell levels left.
You knew the following spells:

 Your Spells              Type           Power        Failure   Level  Hunger
b - Passwall              Tmut/Erth      #.......     61%         2    ###....
S - Song of Slaying       Chrm           #.......     19%         2    ###....

Your spell library contained the following spells:

 Spells                   Type           Power        Failure   Level  Hunger
 Infusion                 Chrm           #...         12%         1    ##.....
 Shroud of Golubria       Chrm/Tloc      #.........   36%         2    ###....
 Beastly Appendage        Tmut           #.....       45%         1    ##.....
 Sandblast                Erth           #.....       45%         1    ##.....
 Summon Small Mammal      Summ           #...         45%         1    ##.....
 Spectral Weapon          Hex/Chrm       #.......     58%         3    ####...
 Call Imp                 Summ           #.......     61%         2    ###....
 Ensorcelled Hibernation  Hex/Ice        #.....       61%         2    ###....
 Sticks to Snakes         Tmut           #.......     61%         2    ###....
 Call Canine Familiar     Summ           #.......     83%         3    ####...
 Spider Form              Tmut/Pois      #.........   83%         3    ####...
 Stone Arrow              Conj/Erth      #.....       83%         3    ####...
 Summon Guardian Golem    Hex/Summ       #.......     83%         3    ####...
 Ice Form                 Ice/Tmut       #.......     99%         4    #####..
 Petrify                  Tmut/Erth      #.......     99%         4    #####..
 Summon Ice Beast         Ice/Summ       #.......     99%         4    #####..
 Summon Lightning Spire   Summ/Air       #.......     99%         4    #####..
 Blade Hands              Tmut           #.........   100%        5    ######.
 Borgnjor's Vile Clutch   Necr/Erth      #.........   100%        5    ######.
 Lee's Rapid Deconstruct  Erth           #.........   100%        5    ######.
 Silence                  Hex/Air        #.........   100%        5    ######.
 Darkness                 Hex            #.........   100%        6    #######
 Shadow Creatures         Summ           N/A          100%        6    #######
 Regeneration             Chrm/Necr      Unusable     N/A         3    N/A

Dungeon Overview and Level Annotations

Branches:
Dungeon (13/15)            Temple (1/1) D:6            Lair (0/6) D:8
    Orc (2/2) D:11            Elf (2/3) Orc:2        Vaults (0/5) D:13

Altars:
Ashenzari
Cheibriados
Dithmenos
Elyvilon
Fedhas
Gozag
Hepliaklqana
Kikubaaqudgha
Makhleb
Nemelex Xobeh
Okawaru
Qazlal
Ru
Sif Muna
Trog
Uskayaw
Vehumet
Wu Jian
Xom
Yredelemnul
Zin
The Shining One
Beogh

Shops:
D:11 %   D:13 }   Orc:2 }[??   Elf:2 *

Annotations:
D:6 2 transporters
D:8 1 runed door, ThePrince's ghost, novice FoAK
D:10 exclusion: hydra


Innate Abilities, Weirdness & Mutations

You are resistant to damage.
You can heal yourself by infusing magical energy.
You resist negative energy. (rN+)
You passively map the area around you.
You do not regenerate.


Message History

You slash the deep elf knight!
You hit the short sword of electrocution but do no damage.
The trident of venom hits you but does no damage.
The short sword of electrocution hits you but does no damage.
You miss the deep elf knight.
You hit the short sword of electrocution.
The trident of venom hits you from afar!
The short sword of electrocution hits you.
The deep elf knight misses you.
The deep elf knight mumbles some strange words.
The deep elf knight seems to speed up.
You take 3 damage, and have 56/141 hp.
You miss the deep elf knight.
You barely miss the short sword of electrocution.
The short sword of electrocution hits you but does no damage.
You miss the deep elf knight.
You miss the short sword of electrocution.
The trident of venom hits you from afar!
You are more poisoned.
The deep elf knight casts a spell at you.
The shard of ice misses the deep elf knight.
The shard of ice misses you.
You take 5 damage, and have 51/141 hp.
Okay, then.
Aim: a deep elf knight, wielding a long sword (moderately wounded, slightly The burst of metal fragments hits the deep elf knight. x8
You kill the deep elf knight!
Makhleb accepts your kill.
You feel better.
You feel sick.
The short sword of electrocution hits you but does no damage.
The trident of venom closely misses you.
The short sword of electrocution hits you but does no damage.
The deep elf knight mumbles some strange words.
The deep elf knight seems to speed up.
The vampiric scimitar hits you.
The trident of venom completely misses you.
You regained 17 hp, and now have 68/141 hp.
You closely miss the vampiric scimitar.
You miss the short sword of electrocution.
You feel sick.
The short sword of electrocution hits you but does no damage.
The vampiric scimitar closely misses you.
You take 1 damage, and have 67/141 hp.
You hit the vampiric scimitar but do no damage.
You completely miss the short sword of electrocution.
You feel sick.
The trident of venom hits you from afar.
You are more poisoned.
The short sword of electrocution barely misses you.
You take 1 damage, and have 66/141 hp.
You hit the vampiric scimitar but do no damage.
You slash the short sword of electrocution!
The short sword of electrocution falls from the air.
Makhleb accepts your kill.
You feel sick.
The deep elf knight gestures wildly while chanting.
The deep elf knight flickers and vanishes for a moment.
The vampiric scimitar hits you!
The trident of venom hits you from afar.
You take 7 damage, and have 59/141 hp.
You slash the vampiric scimitar!
You completely miss the quick blade of flaming.
You feel sick. The quick blade of flaming hits you.
The quick blade of flaming burns you.
You take 1 damage, and have 58/141 hp.
You hit the vampiric scimitar but do no damage.
You slash the quick blade of flaming!
The quick blade of flaming falls from the air.
Makhleb accepts your kill.
You feel sick.
The trident of venom hits you but does no damage.
You are more poisoned.
The vampiric scimitar hits you but does no damage.
The deep elf knight shoots an arrow.
The arrow hits you.
You take 3 damage, and have 55/141 hp.
You slash the vampiric scimitar!
You feel sick.
The deep elf knight shoots an arrow.
The arrow hits you but does no damage.
The trident of venom closely misses you.
The vampiric scimitar hits you but does no damage.
The deep elf knight gestures at you while chanting.
The stone arrow hits you!
* * * LOW HITPOINT WARNING * * *
You take 38 damage, and have 17/141 hp.
MASSIVE DAMAGE!!
You slice the vampiric scimitar!!
The vampiric scimitar falls from the air.
Makhleb accepts your kill.
* * * LOW HITPOINT WARNING * * *
You feel sick.
You take 1 damage, and have 16/141 hp.
You feel better.
The trident of venom hits you but does no damage.
The deep elf knight casts a spell at you.
The shard of ice misses you.
The deep elf knight shoots an arrow.
The arrow hits you!
* * * LOW HITPOINT WARNING * * *
The deep elf knight shoots an arrow.
The arrow hits you!
* * * LOW HITPOINT WARNING * * *
The trident of venom misses you.
A deep elf blademaster comes into view. It is wielding two rapiers.
The deep elf knight shoots an arrow.
The arrow hits you!
You die...

, *,,,, ,,
*#..#########.. ,
,..e.....#*#.##...#...##.
, *
........###......#.....)
, , ,
.........##...#..#..#...
,
,..........##.#..###..#.#
, , .......
#.#.).#.#...#. , , ,
#..ee# ##.#.......#.# ,,
, , **#())##
####'''''#### , *
##)@.###...........# * ,
, ,,
*##...).#............. ,
,
...#.)..................
,,
..........)..............
,
.........)...............
*
...##...##....##.....##..
, *#.* ##.####..####.#.##
* #** ## #### ####


You could see a deep elf blademaster (wandering), 2 deep elf knights and a
trident of venom.

Vanquished Creatures
  2 deep elf sorcerers
  2 orc warlords (Orc:2)
  A stone giant (Orc:1)
  A deep elf high priest (Elf:1)
  Fannar (D:11)
  2 centaur warriors
  13 dancing weapons
  An ogre mage (D:13)
  7 two-headed ogres
  5 orc high priests (Orc:2)
  Sonja (D:11)
  10 deep elf knights
  The ghost of Cadaver the Covert, a novice OpMo of Ashenzari (D:7)
  2 unseen horrors
  6 orc knights
  3 orc sorcerers (Orc:2)
  22 deep elf archers
  53 deep elf magi
  5 cyclopes
  2 ugly things
  2 manticores
  A black mamba (shapeshifter) (D:13)
  Psyche (D:11)
  Joseph (D:7)
  A centaur skeleton (D:13)
  2 gargoyles
  4 yaktaurs (D:13)
  3 komodo dragons
  An efreet (D:13)
  5 trolls
  A hornet (D:7)
  5 hippogriffs
  A meliai zombie (D:11)
  An air elemental (Elf:2)
  17 yaks
  3 wyverns
  A hungry ghost (D:7)
  A fire elemental (Elf:1)
  4 vampire mosquitoes (D:13)
  A water moccasin (D:11)
  10 wargs
  A sky beast (D:10)
  A hornet zombie (D:7)
  44 orc warriors
  An eye of draining (shapeshifter) (Elf:2)
  A black bear (D:11)
  22 ogres
  An eye of draining (D:11)
  2 necrophages
  16 centaurs
  2 crocodiles
  5 big kobolds
  6 bullfrogs
  3 earth elementals (Elf:2)
  A water moccasin zombie (D:4)
  A wyvern skeleton (D:7)
  3 scorpions
  9 wights (D:12)
  2 crimson imps
  2 centaur zombies
  A howler monkey (D:13)
  A bullfrog zombie (D:11)
  4 hounds
  6 jellies
  24 orc priests
  Crazy Yiuf (D:6)
  2 bullfrog skeletons
  26 orc wizards
  2 iguanas
  6 worker ants
  Natasha (D:2)
  2 hound zombies
  11 adders
  4 gnolls (D:5)
  A howler monkey skeleton (D:8)
  3 river rats (Sewer)
  4 shadow imps
  An ooze (D:1)
  2 adder skeletons
  4 worms
  4 dart slugs
  7 leopard geckos
  110 orcs
  A ball python (D:4)
  3 giant cockroaches
  10 goblins
  3 hobgoblins
  10 jackals
  4 quokkas
  8 bats
  3 frilled lizards
  A jackal zombie (D:8)
  36 kobolds
  12 rats
647 creatures vanquished.

Vanquished Creatures (others)
  4 deep elf knights (Elf:2)
  An ice beast (D:5)
  A hound zombie (D:5)
  3 orcs
9 creatures vanquished.

Grand Total: 656 creatures vanquished

Notes
Turn   | Place    | Note
-------+----------+-------------------------------------------
     0 | D:1      | Irenicus the Deep Dwarf Monk began the quest for the Orb.
     0 | D:1      | Reached XP level 1. HP: 20/20 MP: 1/1
   174 | D:1      | Reached skill level 3 in Fighting
   197 | D:1      | Reached XP level 2. HP: 17/28 MP: 2/2
   529 | D:2      | Reached skill level 4 in Axes
   618 | D:2      | Reached XP level 3. HP: 17/34 MP: 3/3
   633 | D:2      | Reached skill level 1 in Armour
   776 | D:2      | Reached skill level 2 in Armour
   776 | D:2      | Reached XP level 4. HP: 17/42 MP: 4/4
  1054 | D:2      | You fall through a shaft for 2 floors!
  1095 | D:4      | Reached skill level 5 in Axes
  1095 | D:4      | Reached skill level 3 in Armour
  1095 | D:4      | Reached XP level 5. HP: 23/49 MP: 5/5
  1130 | D:4      | Found a stormy altar of Qazlal.
  1200 | D:4      | Found a glowing drain.
  1242 | Sewer    | Entered a sewer
  1324 | Sewer    | Reached skill level 6 in Axes
  1324 | Sewer    | Reached XP level 6. HP: 23/56 MP: 5/5
  1345 | Sewer    | Found a white marble altar of Elyvilon.
  1522 | D:4      | Got a translucent battleaxe
  1523 | D:4      | Identified the +4 battleaxe of the Girdle {speed, rC-
                  | Str+7} (You found it on level 4 of the Dungeon)
  1630 | D:4      | Reached skill level 7 in Axes
  1754 | D:4      | Reached XP level 7. HP: 18/62 MP: 6/6
  1788 | D:5      | Entered Level 5 of the Dungeon
  1798 | D:5      | Reached skill level 8 in Axes
  1826 | D:5      | Found a radiant altar of Vehumet.
  1979 | D:5      | Reached skill level 9 in Axes
  2068 | D:5      | Found a hide-covered altar of Uskayaw.
  2154 | D:6      | Irenicus: ?? temple
  2154 | D:6      | beem: ecumenical temple[1/6]: Accessed from the main
                  | dungeon somewhere between levels 4 and 7. Is notable mainly
                  | for a complete lack of monster spawning as well as
                  | potentially containing an altar to almost every deity in
                  | the game.
  2192 | D:6      | Found a staircase to the Ecumenical Temple.
  2204 | Temple   | Entered the Ecumenical Temple
  2242 | Temple   | Became a worshipper of Makhleb the Destroyer
  2242 | Temple   | Reached * piety under Makhleb
  2242 | Temple   | Reached ** piety under Makhleb
  2314 | D:6      | Found a bloodstained altar of Trog.
  2357 | D:6      | Found an opulent altar of Gozag.
  2367 | D:6      | Noticed a manticore
  2369 | D:6      | Found a transporter.
  2377 | D:6      | Found a transporter.
  2385 | D:6      | Noticed a troll
  2487 | D:6      | Found a runed door.
  2491 | D:6      | Noticed Crazy Yiuf
  2496 | D:6      | Killed Crazy Yiuf
  2562 | D:6      | Reached skill level 10 in Axes
  2562 | D:6      | Reached XP level 8. HP: 48/69 MP: 7/7
  3002 | D:2      | Noticed Natasha
  3005 | D:2      | Killed Natasha
  3081 | D:4      | You fall through a shaft for 3 floors!
  3146 | D:7      | Found a shadowy altar of Dithmenos.
  3171 | D:7      | Reached skill level 11 in Axes
  3230 | D:7      | Noticed a green ugly thing
  3230 | D:7      | Noticed a hippogriff
  3232 | D:7      | Noticed a hornet
  3247 | D:7      | Killed a green ugly thing
  3247 | D:7      | Reached skill level 12 in Axes
  3252 | D:7      | Killed a hippogriff
  3252 | D:7      | Gained mutation: You passively map the area around you.
                  | [Deep Dwarf growth]
  3252 | D:7      | Reached XP level 9. HP: 56/75 MP: 8/8
  3307 | D:7      | Noticed Joseph
  3320 | D:7      | Killed Joseph
  3320 | D:7      | Reached skill level 13 in Axes
  3403 | D:7      | Reached skill level 2 in Evocations
  3407 | D:7      | Found a transporter.
  3414 | D:7      | Noticed Cadaver's ghost (novice OpMo)
  3423 | D:7      | Found a transporter.
  3464 | D:7      | Killed Cadaver's ghost
  3464 | D:7      | Reached skill level 4 in Evocations
  3589 | D:7      | Found a glowing golden altar of the Shining One.
  3593 | D:7      | Reached skill level 5 in Evocations
  3653 | D:8      | Found a runed door.
  3658 | D:8      | Reached *** piety under Makhleb
  3663 | D:8      | Reached skill level 6 in Evocations
  3668 | D:8      | Found a staircase to the Lair.
  3686 | D:8      | Noticed ThePrince's ghost (novice FoAK)
  3690 | D:8      | Found a hazy altar of Hepliaklqana.
  3798 | D:8      | Reached skill level 14 in Axes
  3798 | D:8      | Reached XP level 10. HP: 84/84 MP: 13/13
  3912 | D:8      | Found an ornate altar of the Wu Jian Council.
  3915 | D:8      | Found a deep blue altar of Sif Muna.
  3918 | D:8      | Found a blossoming altar of Fedhas.
  3957 | D:9      | Reached skill level 4 in Dodging
  3961 | D:9      | Reached skill level 5 in Dodging
  3975 | D:9      | Learned a level 2 spell: Passwall
  4094 | D:9      | Got a flickering bone ring
  4096 | D:9      | Identified the ring "Fiosk" {rN+ MR+ MP+9 Str-2 Slay+2}
                  | (You found it on level 9 of the Dungeon)
  4426 | D:9      | Learned a level 2 spell: Song of Slaying
  4439 | D:10     | Entered Level 10 of the Dungeon
  4528 | D:10     | Reached skill level 6 in Dodging
  4531 | D:10     | Reached **** piety under Makhleb
  4545 | D:10     | Noticed an unseen horror
  4551 | D:10     | Killed an unseen horror
  4679 | D:10     | Reached skill level 7 in Dodging
  5016 | D:11     | Found Linlumpoe's Food Shoppe.
  5052 | D:11     | Reached skill level 8 in Dodging
  5075 | D:11     | Reached skill level 15 in Axes
  5075 | D:11     | Reached XP level 11. HP: 84/90 MP: 14/14
  5077 | D:11     | Noticed a white ugly thing
  5078 | D:11     | Identified the cursed +0 robe of Coronation {Int+7 Dex+2}
                  | (You found it on level 11 of the Dungeon)
  5083 | D:11     | Noticed Fannar
  5104 | D:11     | Killed a white ugly thing
  5114 | D:11     | HP: 9/90 [Fannar/Ozocubu's Refrigeration (20)]
  5121 | D:11     | Killed Fannar
  5149 | D:11     | Reached skill level 9 in Dodging
  5216 | D:10     | Noticed a centaur warrior
  5229 | D:10     | HP: 19/90 [cyclops (16)]
  5237 | D:10     | Killed a centaur warrior
  5271 | D:10     | Noticed a four-headed hydra
  5345 | D:11     | Found a staircase to the Orcish Mines.
  5411 | D:11     | Noticed Sonja
  5419 | D:11     | Killed Sonja
  5433 | D:11     | Noticed Psyche
  5442 | D:11     | Killed Psyche
  5442 | D:11     | Reached skill level 10 in Dodging
  5512 | D:12     | Noticed a deep elf mage
  5512 | D:12     | Noticed an unseen horror
  5521 | D:12     | Killed a deep elf mage
  5525 | D:12     | Killed an unseen horror
  5525 | D:12     | Reached skill level 16 in Axes
  5565 | D:12     | HP: 21/90 [manticore (3)]
  5571 | D:12     | Reached ***** piety under Makhleb
  5694 | D:12     | Reached skill level 11 in Dodging
  5722 | D:12     | Reached XP level 12. HP: 92/97 MP: 15/15
  5992 | D:13     | Reached skill level 4 in Fighting
  6103 | D:13     | Reached skill level 5 in Fighting
  6150 | D:13     | Noticed a two-headed ogre
  6150 | D:13     | Noticed an ogre mage
  6157 | D:13     | Noticed a two-headed ogre
  6166 | D:13     | Killed a two-headed ogre
  6166 | D:13     | Reached skill level 17 in Axes
  6168 | D:13     | Killed a two-headed ogre
  6178 | D:13     | Reached skill level 6 in Fighting
  6185 | D:13     | Killed an ogre mage
  6199 | D:13     | Noticed a centaur warrior
  6203 | D:13     | Found a gate to the Vaults.
  6221 | D:13     | Killed a centaur warrior
  6302 | D:13     | Reached skill level 7 in Fighting
  6386 | D:13     | Found Fant's Gadget Boutique.
  6532 | D:13     | Noticed a two-headed ogre
  6539 | D:13     | Killed a two-headed ogre
  6674 | Orc:1    | Entered Level 1 of the Orcish Mines
  6808 | Orc:2    | Entered Level 2 of the Orcish Mines
  6817 | Orc:2    | Reached XP level 13. HP: 117/117 MP: 16/16
  6878 | Orc:2    | Reached ****** piety under Makhleb
  6910 | Orc:2    | Reached skill level 8 in Fighting
  6919 | Orc:2    | Reached skill level 18 in Axes
  7204 | Orc:2    | Noticed an orc warlord
  7218 | Orc:2    | Killed an orc warlord
  7241 | Orc:2    | Found Inidoi's Magic Scroll Emporium.
  7259 | Orc:2    | Bought a scroll of blinking for 82 gold pieces
  7265 | Orc:2    | Found Unicius's Magic Scroll Shoppe.
  7276 | Orc:2    | Reached skill level 9 in Fighting
  7319 | Orc:2    | Found a roughly hewn altar of Beogh.
  7528 | Orc:1    | Noticed a stone giant
  7539 | Orc:1    | Killed a stone giant
  7941 | Orc:2    | Noticed an orc warlord
  7944 | Orc:2    | Reached skill level 10 in Fighting
  7966 | Orc:2    | HP: 25/123 [orc warlord/long sword of electrocution (17)]
  7980 | Orc:2    | Killed an orc warlord
  7980 | Orc:2    | Reached skill level 19 in Axes
  8016 | Orc:2    | HP: 29/123 [orc priest/divine providence (11)]
  8018 | Orc:2    | Found Itivvas's Gadget Emporium.
  8055 | Orc:2    | Found a roughly hewn altar of Beogh.
  8111 | Orc:2    | Found Luguowuu's Armour Shop.
  8132 | Orc:2    | Bought the +5 ring mail of Veptiech {rElec Str+2} for 613
                  | gold pieces
  8201 | Orc:2    | Gained mutation: You resist negative energy. (rN+) [Deep
                  | Dwarf growth]
  8201 | Orc:2    | Reached XP level 14. HP: 53/133 MP: 17/17
  8330 | Orc:2    | Found a staircase to the Elven Halls.
  8454 | Elf:1    | Entered Level 1 of the Elven Halls
  8473 | Elf:1    | HP: 27/133 [deep elf archer/arrow (17)]
  8551 | Elf:1    | HP: 27/133 [deep elf knight/shard of ice (15)]
  8559 | Elf:1    | HP: 9/133 [deep elf mage/stone arrow (29)]
  8794 | Elf:1    | Got a translucent ivory ring
  8796 | Elf:1    | Identified the ring of Beauty {rPois MR+ Dex-2 SInv Stlth+}
                  | (You found it on level 1 of the Elven Halls)
  8826 | Elf:1    | Reached skill level 11 in Fighting
  8998 | Elf:1    | Noticed a deep elf sorcerer
  9010 | Elf:1    | Killed a deep elf sorcerer
  9010 | Elf:1    | Reached skill level 20 in Axes
  9265 | Elf:2    | Reached skill level 12 in Dodging
  9280 | Elf:2    | Found Kimuqit's Assorted Antiques.
  9334 | Elf:2    | Reached skill level 13 in Dodging
  9441 | Elf:2    | Reached XP level 15. HP: 65/141 MP: 18/18
  9444 | Elf:2    | Reached skill level 14 in Dodging
  9558 | Elf:2    | Noticed a deep elf sorcerer
  9575 | Elf:2    | Killed a deep elf sorcerer
  9669 | Elf:2    | Reached skill level 15 in Dodging
  9832 | Elf:2    | Reached skill level 1 in Charms
  9847 | Elf:2    | Found a huge runed gate.
  9847 | Elf:2    | Found a huge runed gate.
  9848 | Elf:2    | Found a huge runed gate.
  9859 | Elf:2    | Reached skill level 4 in Armour
  9860 | Elf:2    | Found a huge runed gate.
  9863 | Elf:2    | Found a huge runed gate.
  9877 | Elf:2    | Reached skill level 2 in Charms
  9965 | Elf:2    | Bought a scroll labeled RUSONEOCKU for 21 gold pieces
 10038 | Elf:2    | Reached skill level 5 in Armour
 10038 | Elf:2    | Reached skill level 3 in Charms
 10049 | Elf:2    | HP: 17/141 [deep elf knight/stone arrow (36)]
 10051 | Elf:2    | HP: 5/141 [deep elf knight/arrow (9)]
 10051 | Elf:2    | Noticed a deep elf blademaster
 10051 | Elf:2    | Shot with an arrow by a deep elf knight

Skill      XL: |  1  2  3  4  5  6  7  8  9 10 11 12 13 14 15 |
---------------+----------------------------------------------+-----
Fighting       | 3 7 10 11 | 11.0
Axes           | 4 5 6 7 10 12 14 15 16 17 19 20 | 20.1
Armour         | 2 3 5 |  5.5
Evocations     | 6 |  6.6
Dodging        | 8 11 13 15 | 15.6
Charms         | 3 |  3.5
Stealth        | |  2.4

Action                   |  1- 3 |  4- 6 |  7- 9 | 10-12 | 13-15 || total
-------------------------+-------+-------+-------+-------+-------++-------
Melee: Hand axe          |   116 |   164 |       |     9 |       ||   289
       Battleaxe         |       |    46 |   220 |   472 |   820 ||  1558
Throw: Throwing net      |       |     4 |       |       |       ||     4
 Abil: Heal Wounds       |       |     1 |       |       |     3 ||     4
       Evoke Berserk Rag |       |       |       |       |     1 ||     1
Evoke: Wand              |       |       |     1 |    12 |     9 ||    22
  Use: Potion            |       |     3 |     1 |     3 |     3 ||    10
       Scroll            |       |       |    10 |     5 |       ||    15
 Stab: Sleeping          |     3 |     5 |     4 |     1 |     2 ||    15
       Held in net/web   |       |     5 |       |       |       ||     5
       Distracted        |       |       |       |       |     1 ||     1
  Eat: Chunk             |       |     2 |     6 |     7 |    12 ||    27
       Ration            |       |       |     1 |     1 |       ||     2
Armor: Robe              |     7 |       |       |       |       ||     7
       Ring mail         |    31 |    60 |    84 |   130 |   142 ||   447
Dodge: Dodged            |    90 |   135 |   110 |   376 |   481 ||  1192

Vault maps used:
D:1:      evilmike_arrival_rings, minmay_misc_feat_nine_boxes,
          serial_bayou_lake_a
D:2:      minmay_diamond_boxcup, uniq_natasha
D:3:      chequers_big_river
D:4:      minmay_door_path, grunt_qazlal_sundering, cheibrodos_sewer_entry_bend,
          first_ration
D:5:      fiery_altar_vehumet, eat_drink_and_be_merry_uskayaw
D:6:      lightli_temple_of_fire, gammafunk_temple_overflow_arena,
          minmay_temple_entry_grid, uniq_crazy_yiuf_cottage
D:7:      nicolae_overflow_hidden_temple, gammafunk_ghost_arena, tso_altar,
          uniq_joseph
D:8:      lemuel_doored_altar, grunt_temple_overflow_diamond,
          erik_lair_orcish_takeover, ebering_ghost_reflecting_pool
D:10:     cheibrodos_elevator_heist, grunt_ogre_cave
D:11:     orc_0_dummy, serial_shops, shop, kennysheep_generic_room_12,
          uniq_sonja, uniq_psyche, uniq_fannar
D:12:     grunt_ministairs_3
D:13:     hangedman_vaults_entry_quadrant_bands, serial_shops,
          kennysheep_mini_moat
Temple:   nicolae_temple_hex_pool
Orc:2:    pubby_orc_utopia, serial_shops
Elf:1:    hangedman_elf_represent
Elf:2:    serial_shops, nicolae_shop_competitors_out_of_business
Sewer:    sewer_kobolds

Table legend:
 A = Turns spent in this place as a percentage of turns spent in the entire game.
 B = Non-inter-level travel turns spent in this place as a percentage of non-inter-level travel turns spent in the entire game.
 C = Inter-level travel turns spent in this place as a percentage of turns spent in this place.
 D = Turns resting spent in this place as a percentage of non-inter-level travel turns spent in this place.
 E = Turns spent auto-exploring this place as a percentage of non-inter-level travel turns spent in this place.
 F = Non-inter-level travel turns spent in this place divided by the number of levels of this place that you've seen.
                   A       B       C       D       E      F
               +-------+-------+-------+-------+-------+----------------------
         Total | 100.0 | 100.0 |   1.3 |   0.0 |   0.0 | 521.9
       Dungeon |  64.4 |  64.4 |   1.3 |   0.0 |   0.0 | 491.5
        Temple |   0.6 |   0.6 |   0.0 |   0.0 |   0.0 |  60.0
  Orcish Mines |  17.7 |  17.4 |   2.8 |   0.0 |   0.0 | 865.0
   Elven Halls |  15.9 |  16.1 |   0.0 |   0.0 |   0.0 | 798.5
         Sewer |   1.4 |   1.4 |   0.0 |   0.0 |   0.0 | 140.0
               +-------+-------+-------+-------+-------+----------------------

Table legend:
 A = Kills in this place as a percentage of kills in entire the game.
 B = Kills by you in this place as a percentage of kills by you in the entire game.
 C = Kills by friends in this place as a percentage of kills by friends in the entire game.
 D = Other kills in this place as a percentage of other kills in the entire game.
 E = Experience gained in this place as a percentage of experience gained in the entire game.
 F = Experience gained in this place divided by the number of levels of this place that you have seen.
                   A       B       C       D       E      F
               +-------+-------+-------+-------+-------+----------------------
         Total | 100.0 | 100.0 |   N/A | 100.0 | 100.0 | 7118.6
       Dungeon |  52.3 |  52.6 |   N/A |   0.0 |  27.4 | 2846.2
  Orcish Mines |  29.1 |  29.2 |   N/A |   0.0 |  21.5 | 14519.0
   Elven Halls |  16.8 |  16.4 |   N/A | 100.0 |  51.1 | 34531.5
         Sewer |   1.8 |   1.9 |   N/A |   0.0 |   0.1 | 152.0
               +-------+-------+-------+-------+-------+----------------------
